[ AOE2 MATCH · #505636617 ]
UnrankedSaracens vs Sicilians
Player's team · LOSS
Rival team · WIN
[ REPLAY ANALYSIS · EXTRACTED FROM THE RECORDED GAME ]
Feudal
8:51
Castle
19:56
Imperial
—
| APM avg | 75.8 |
| APM peak | 133 |
| eAPM avg | 46.1 |
| Villagers / military | 48 / 15 |
Focus
⚔️ 67.5% · 🌾 32.5%
Archer ×12 · Scout Cavalry ×3
Feudal
9:15
Castle
23:17
Imperial
—
| APM avg | 81.9 |
| APM peak | 127 |
| eAPM avg | 42.1 |
| Villagers / military | 58 / 21 |
Focus
⚔️ 54.1% · 🌾 45.9%
Archer ×9 · Serjeant ×9 · Spearman ×3
Match map
Initial resources + every placement click. Lines = walls · curves = elevation contours. ◆ gold · ⬟ stone · ● berries · ✦ relic · ◌ wall gap
Your base· Open — 4t gap
Oni.TheViper's base· ✓ Closed at 23:17 · 25t walls · fragile
Smoothed initial terrain · ◌ = detected wall gap · hover for details
Inputs per minute
— SalzZ_wide - - Oni.TheViper
Build order — SalzZ_wide
127 actions detected in the replay
| 0:00 | Create | Villager (Male) |
| 0:01 | Create | Villager (Male) |
| 0:01 | Create | Villager (Male) |
| 0:01 | Create | Villager (Male) |
| 0:02 | Build | House |
| 0:04 | Build | House |
| 1:24 | Create | Villager (Male) |
| 1:56 | Create | Villager (Male) |
| 2:15 | Create | Villager (Male) |
| 2:27 | Build | Lumber Camp |
| 2:40 | Create | Villager (Male) |
| 2:56 | Create | Villager (Male) |
| 3:11 | Create | Villager (Male) |
| 3:35 | Create | Villager (Male) |
| 4:03 | Create | Villager (Male) |
| 4:04 | Build | House |
| 4:13 | Build | House |
| 4:23 | Create | Villager (Male) |
| 4:23 | Create | Villager (Male) |
| 4:39 | Create | Villager (Male) |
| 4:39 | Create | Villager (Male) |
| 4:52 | Build | Mill |
| 5:29 | Research | Loom |
| 6:36 | Research | Feudal Age |
| 7:06 | Create | Villager (Male) |
| 7:24 | Build | Barracks |
| 7:27 | Create | Villager (Male) |
| 8:51 | Age | Feudal Age |
| 8:52 | Build | Stable |
| 8:55 | Research | Double-Bit Axe |
| 8:56 | Research | Double-Bit Axe |
| 8:59 | Create | Villager (Male) |
| 9:31 | Create | Scout Cavalry |
| 9:34 | Create | Villager (Male) |
| 9:37 | Build | Market |
| 9:44 | Create | Villager (Male) |
| 9:54 | Create | Scout Cavalry |
| 9:58 | Create | Villager (Male) |
| 10:00 | Build | House |
| 10:01 | Build | Palisade Wall |
| 10:05 | Build | Palisade Wall |
| 10:08 | Build | Palisade Wall |
| 10:18 | Build | Palisade Wall |
| 10:20 | Build | Palisade Wall |
| 10:25 | Create | Scout Cavalry |
| 10:28 | Build | Farm |
| 10:29 | Build | Farm |
| 10:29 | Create | Villager (Male) |
| 10:35 | Build | Palisade Wall |
| 10:48 | Build | Palisade Wall |
| 11:00 | Build | Palisade Wall |
| 11:03 | Create | Villager (Male) |
| 11:03 | Create | Villager (Male) |
| 11:11 | Build | Farm |
| 11:21 | Create | Villager (Male) |
| 11:29 | Create | Villager (Male) |
| 11:41 | Build | Archery Range |
| 12:01 | Build | Farm |
| 12:01 | Create | Villager (Male) |
| 12:07 | Build | Palisade Wall |
| 12:09 | Build | Palisade Wall |
| 12:10 | Build | Palisade Wall |
| 12:20 | Create | Villager (Male) |
| 12:21 | Build | Archery Range |
| 12:28 | Research | Town Watch |
| 12:45 | Create | Villager (Male) |
| 12:46 | Build | House |
| 12:47 | Build | Palisade Wall |
| 12:48 | Create | Villager (Male) |
| 12:52 | Build | Farm |
| 12:54 | Build | Farm |
| 12:59 | Create | Archer |
| 13:02 | Research | Wheelbarrow |
| 13:10 | Create | Archer |
| 13:12 | Build | Farm |
| 13:12 | Create | Villager (Male) |
| 13:18 | Build | Farm |
| 13:29 | Create | Villager (Male) |
| 13:39 | Create | Archer |
| 13:41 | Build | Farm |
| 13:54 | Build | Mining Camp |
| 13:58 | Create | Villager (Male) |
| 14:06 | Create | Archer |
| 14:14 | Create | Villager (Male) |
| 14:17 | Build | House |
| 14:27 | Create | Villager (Male) |
| 14:32 | Build | Farm |
| 14:34 | Build | Farm |
| 15:07 | Create | Villager (Male) |
| 15:14 | Create | Archer |
| 15:16 | Build | House |
| 15:22 | Create | Villager (Male) |
| 15:33 | Create | Archer |
| 15:36 | Create | Villager (Male) |
| 15:37 | Build | House |
| 15:50 | Create | Villager (Male) |
| 15:51 | Create | Archer |
| 16:10 | Create | Archer |
| 16:25 | Create | Villager (Male) |
| 16:25 | Create | Archer |
| 16:55 | Create | Archer |
| 16:55 | Create | Archer |
| 17:06 | Create | Archer |
| 17:08 | Build | Archery Range |
| 17:16 | Research | Castle Age |
| 17:16 | Research | Castle Age |
| 17:18 | Build | Mining Camp |
| 17:24 | Build | Farm |
| 18:08 | Build | House |
| 18:09 | Build | House |
| 18:31 | Create | Villager (Male) |
| 18:36 | Build | House |
| 18:45 | Create | Villager (Male) |
| 19:04 | Build | Farm |
| 19:05 | Research | Horse Collar |
| 19:08 | Build | Farm |
| 19:19 | Build | Farm |
| 19:56 | Age | Castle Age |
| 20:14 | Create | Villager (Male) |
| 20:48 | Build | Castle |
| 20:55 | Build | Mining Camp |
| 20:59 | Create | Villager (Male) |
| 21:39 | Create | Villager (Male) |
| 21:53 | Build | Castle |
| 21:55 | Create | Villager (Male) |
| 22:00 | Build | Castle |
| 22:04 | Create | Villager (Male) |
Build order — Oni.TheViper
First 150 of 169 actions detected
| 0:00 | Create | Villager (Male) |
| 0:01 | Build | House |
| 0:02 | Build | House |
| 0:05 | Create | Villager (Male) |
| 0:09 | Create | Villager (Male) |
| 0:13 | Create | Villager (Male) |
| 1:25 | Create | Villager (Male) |
| 1:45 | Build | Lumber Camp |
| 1:49 | Build | Lumber Camp |
| 1:58 | Create | Villager (Male) |
| 2:21 | Create | Villager (Male) |
| 2:34 | Create | Villager (Male) |
| 3:12 | Create | Villager (Male) |
| 3:29 | Create | Villager (Male) |
| 3:35 | Build | House |
| 3:48 | Create | Villager (Male) |
| 4:05 | Create | Villager (Male) |
| 4:18 | Build | Mill |
| 4:22 | Create | Villager (Male) |
| 4:49 | Create | Villager (Male) |
| 5:04 | Create | Villager (Male) |
| 5:08 | Build | House |
| 5:20 | Create | Villager (Male) |
| 6:19 | Build | Donjon |
| 6:33 | Research | Loom |
| 7:02 | Research | Feudal Age |
| 7:58 | Build | Mining Camp |
| 8:15 | Create | Villager (Male) |
| 9:06 | Create | Villager (Male) |
| 9:15 | Age | Feudal Age |
| 9:16 | Build | Archery Range |
| 9:19 | Build | Archery Range |
| 9:21 | Create | Spearman |
| 9:22 | Create | Villager (Male) |
| 9:24 | Research | Double-Bit Axe |
| 9:26 | Research | Horse Collar |
| 9:26 | Research | Horse Collar |
| 9:42 | Create | Villager (Male) |
| 9:46 | Create | Villager (Male) |
| 9:50 | Build | House |
| 9:55 | Create | Serjeant |
| 9:59 | Create | Villager (Male) |
| 10:06 | Build | House |
| 10:09 | Build | House |
| 10:12 | Create | Serjeant |
| 10:12 | Create | Archer |
| 10:16 | Create | Villager (Male) |
| 10:20 | Build | Farm |
| 10:23 | Build | House |
| 10:26 | Build | House |
| 10:33 | Create | Villager (Male) |
| 10:42 | Create | Archer |
| 10:56 | Build | Farm |
| 10:57 | Create | Villager (Male) |
| 11:09 | Create | Villager (Male) |
| 11:14 | Build | House |
| 11:16 | Build | Palisade Wall |
| 11:25 | Create | Spearman |
| 11:31 | Create | Villager (Male) |
| 11:33 | Build | Farm |
| 11:34 | Build | Farm |
| 11:42 | Build | Palisade Wall |
| 11:45 | Build | Palisade Wall |
| 11:51 | Build | Palisade Wall |
| 11:51 | Build | Palisade Wall |
| 11:52 | Create | Villager (Male) |
| 11:54 | Build | Palisade Wall |
| 11:55 | Build | Palisade Wall |
| 11:55 | Create | Villager (Male) |
| 11:57 | Create | Villager (Male) |
| 12:09 | Create | Villager (Male) |
| 12:16 | Create | Villager (Male) |
| 12:20 | Create | Archer |
| 12:22 | Create | Spearman |
| 12:22 | Create | Archer |
| 12:31 | Create | Villager (Male) |
| 12:32 | Create | Villager (Male) |
| 12:33 | Build | Farm |
| 12:35 | Build | Farm |
| 12:36 | Build | House |
| 12:40 | Build | Palisade Wall |
| 12:45 | Build | Palisade Wall |
| 12:54 | Create | Villager (Male) |
| 13:13 | Create | Serjeant |
| 13:15 | Create | Villager (Male) |
| 13:19 | Build | Farm |
| 13:31 | Create | Archer |
| 13:33 | Create | Serjeant |
| 13:33 | Create | Villager (Male) |
| 13:36 | Build | House |
| 13:57 | Create | Serjeant |
| 13:58 | Create | Archer |
| 13:59 | Create | Villager (Male) |
| 14:00 | Build | Mining Camp |
| 14:01 | Create | Villager (Male) |
| 14:18 | Create | Archer |
| 14:19 | Create | Serjeant |
| 14:30 | Build | House |
| 14:32 | Create | Villager (Male) |
| 14:38 | Build | Blacksmith |
| 14:41 | Create | Archer |
| 14:44 | Create | Serjeant |
| 15:04 | Create | Serjeant |
| 15:07 | Build | Farm |
| 15:13 | Build | House |
| 15:30 | Build | Farm |
| 15:30 | Create | Villager (Male) |
| 15:45 | Build | House |
| 15:46 | Create | Villager (Male) |
| 15:50 | Research | Fletching |
| 15:56 | Create | Villager (Male) |
| 16:02 | Create | Archer |
| 16:15 | Build | Palisade Wall |
| 16:15 | Build | Palisade Wall |
| 16:18 | Build | Palisade Wall |
| 16:19 | Build | Palisade Wall |
| 16:20 | Build | Palisade Wall |
| 16:25 | Create | Villager (Male) |
| 16:29 | Build | House |
| 16:31 | Create | Villager (Male) |
| 16:40 | Create | Villager (Male) |
| 16:46 | Build | Donjon |
| 16:49 | Create | Villager (Male) |
| 16:55 | Build | House |
| 17:00 | Build | Farm |
| 17:01 | Build | Farm |
| 17:05 | Create | Villager (Male) |
| 17:13 | Build | Donjon |
| 17:18 | Build | Donjon |
| 17:28 | Create | Villager (Male) |
| 17:37 | Build | Farm |
| 17:37 | Create | Villager (Male) |
| 17:38 | Build | Farm |
| 17:44 | Build | House |
| 17:44 | Build | House |
| 17:45 | Build | House |
| 18:07 | Create | Villager (Male) |
| 18:30 | Create | Villager (Male) |
| 18:37 | Build | Market |
| 18:49 | Build | Donjon |
| 19:01 | Build | Donjon |
| 19:06 | Create | Villager (Male) |
| 19:19 | Build | House |
| 19:19 | Build | House |
| 19:29 | Create | Villager (Male) |
| 19:37 | Build | Donjon |
| 20:02 | Build | Farm |
| 20:17 | Build | Barracks |
| 20:20 | Build | Barracks |
| 20:37 | Research | Castle Age |
Match timeline
| 6:19 | Oni.TheViper · first_building Donjon |
| 7:24 | SalzZ_wide · first_building Barracks |
| 8:51 | SalzZ_wide · age_up feudal |
| 8:52 | SalzZ_wide · first_building Stable |
| 9:15 | Oni.TheViper · age_up feudal |
| 9:16 | Oni.TheViper · first_building Archery Range |
| 10:01 | SalzZ_wide · wall_segment Palisade Wall x1 |
| 10:05 | SalzZ_wide · wall_segment Palisade Wall x2 |
| 10:08 | SalzZ_wide · wall_segment Palisade Wall x2 |
| 10:18 | SalzZ_wide · wall_segment Palisade Wall x2 |
| 10:20 | SalzZ_wide · wall_segment Palisade Wall x2 |
| 10:35 | SalzZ_wide · wall_segment Palisade Wall x4 |
| 10:48 | SalzZ_wide · wall_segment Palisade Wall x1 |
| 10:55 | SalzZ_wide · first_market_sell 100 stone |
| 11:00 | SalzZ_wide · wall_segment Palisade Wall x1 |
| 11:16 | Oni.TheViper · wall_segment Palisade Wall x12 |
| 11:41 | SalzZ_wide · first_building Archery Range |
| 11:42 | Oni.TheViper · wall_segment Palisade Wall x1 |
| 11:45 | Oni.TheViper · wall_segment Palisade Wall x1 |
| 11:51 | Oni.TheViper · wall_segment Palisade Wall x1 |
| 11:51 | Oni.TheViper · wall_segment Palisade Wall x1 |
| 11:54 | Oni.TheViper · wall_segment Palisade Wall x1 |
| 11:55 | Oni.TheViper · wall_segment Palisade Wall x1 |
| 12:07 | SalzZ_wide · wall_segment Palisade Wall x1 |
| 12:09 | SalzZ_wide · wall_segment Palisade Wall x1 |
| 12:10 | SalzZ_wide · wall_segment Palisade Wall x1 |
| 12:40 | Oni.TheViper · wall_segment Palisade Wall x2 |
| 12:45 | Oni.TheViper · wall_segment Palisade Wall x1 |
| 12:47 | SalzZ_wide · wall_segment Palisade Wall x1 |
| 16:15 | Oni.TheViper · wall_segment Palisade Wall x1 |
| 16:15 | Oni.TheViper · wall_segment Palisade Wall x1 |
| 16:18 | Oni.TheViper · wall_segment Palisade Wall x1 |
| 16:19 | Oni.TheViper · wall_segment Palisade Wall x1 |
| 16:20 | Oni.TheViper · wall_segment Palisade Wall x1 |
| 19:35 | Oni.TheViper · first_market_buy 100 stone |
| 19:46 | SalzZ_wide · first_market_buy 100 stone |
| 19:56 | SalzZ_wide · age_up castle |
| 20:17 | Oni.TheViper · first_building Barracks |
| 20:48 | SalzZ_wide · first_building Castle |
| 23:17 | Oni.TheViper · age_up castle |
| 23:49 | Oni.TheViper · first_market_sell 100 wood |
| 23:51 | SalzZ_wide · resign |
[ AI ANALYSIS · 1 CREDIT ]
What really happened in this match?
Wolo.gg analyzes every decision: build order, eco, micro, common mistakes by bracket. Personalized analysis on WhatsApp or Discord in 30 seconds.
Civ guide
Saracens
Perfil
Jugador #3747802